 Dungeon Crawl Stone Soup version 0.21.1-1-g345015fe64 (webtiles) character file.

718 Ashiichan the Conjurer (level 7, -3/36 HPs)
             Began as a Deep Elf Air Elementalist on June 2, 2018.
             Killed by nerve-wracking pain
             ... invoked by an orc priest
              (13 damage)
             ... on level 4 of the Dungeon.
             The game lasted 00:36:33 (4378 turns).

Ashiichan the Conjurer (Deep Elf Air Elementalist)  Turns: 4378, Time: 00:36:33

Health: -3/36      AC: -1    Str:  5    XL:     7   Next: 42%
Magic:  1/13       EV: 13    Int: 22    God:
Gold:   191        SH:  0    Dex: 15    Spells: 2/12 levels left

rFire    . . .     SeeInvis .   (no weapon)
rCold    . . .     Gourm    .   (no shield)
rNeg     . . .     Faith    .   a - +0 robe
rPois    +         Spirit   .   (no helmet)
rElec    .         Reflect  .   (no cloak)
rCorr    .         Harm     .   (no gloves)
MR       .....                  (no boots)
Stlth    ++........             (no amulet)
HPRegen  0.12/turn              m - -3 ring of protection (curse)
MPRegen  0.13/turn              p - ring of poison resistance

@: very slightly contaminated
A: no striking features
a: no special abilities


You were on level 4 of the Dungeon.
You were very hungry.

You visited 1 branch of the dungeon, and saw 5 of its levels.

You collected 191 gold pieces.

Inventory:

Hand Weapons
 r - a +1 hand axe of flaming
 w - the +10 whip of the First Spirits {flame, rN+ SInv, unknown}
   (You took it off an orc on level 4 of the Dungeon)

   It has been specially enchanted to burn those struck by it, causing extra
   injury to most foes and up to half again as much damage against particularly
   susceptible opponents.
   It protects you from negative energy.
   It lets you see invisible.
Armour
 a - a +0 robe (worn)
 n - a +0 ring mail
 o - a +2 chain mail of cold resistance
Jewellery
 m - a cursed -3 ring of protection (left hand)
 p - a ring of poison resistance (right hand)
 s - an uncursed ring of resist corrosion {unknown}
 x - a +5 ring of intelligence {unknown}
Wands
 u - a wand of random effects (31)
Scrolls
 f - 3 scrolls of immolation
 h - 5 scrolls of identify
 i - a scroll of enchant weapon
Potions
 e - a potion of berserk rage {unknown}
 g - 4 potions of lignification {unknown}
 l - a potion of degeneration {unknown}
 t - a potion of curing {unknown}
 v - a potion of brilliance {unknown}
Books
 b - a book of Air

   Spells                             Type                      Level
   a - Shock                          Conjuration/Air              1
   b - Swiftness                      Charms/Air                   2
   c - Static Discharge               Conjuration/Air              3
   d - Airstrike                      Air                          4
   e - Lightning Bolt                 Conjuration/Air              5
 j - a book of Changes

   Spells                             Type                      Level
   a - Beastly Appendage              Transmutation                1
   b - Sticks to Snakes               Transmutation                2
   c - Spider Form                    Transmutation/Poison         3
   d - Ice Form                       Ice/Transmutation            4
   e - Blade Hands                    Transmutation                5
 k - a book of Debilitation

   Spells                             Type                      Level
   a - Corona                         Hexes                        1
   b - Slow                           Hexes                        2
   c - Inner Flame                    Hexes/Fire                   3
   d - Portal Projectile              Hexes/Translocation          3
   e - Cause Fear                     Hexes                        4
   f - Leda's Liquefaction            Hexes/Earth                  4
 q - a book of Minor Magic

   Spells                             Type                      Level
   a - Magic Dart                     Conjuration                  1
   b - Blink                          Translocation                2
   c - Call Imp                       Summoning                    2
   d - Slow                           Hexes                        2
   e - Conjure Flame                  Conjuration/Fire             3
   f - Mephitic Cloud                 Conjuration/Poison/Air       3
Comestibles
 c - 6 rations


   Skills:
 - Level 2.4 Dodging
 - Level 2.4 Stealth
 - Level 3.0 Spellcasting
 * Level 7.3 Conjurations
 + Level 5.6 Air Magic


You had 2 spell levels left.
You knew the following spells:

 Your Spells              Type           Power        Failure   Level  Hunger
a - Shock                 Conj/Air       ####         1%          1    None
b - Airstrike             Air            ####......   12%         4    ####...
c - Lightning Bolt        Conj/Air       ####......   24%         5    ######.


Dungeon Overview and Level Annotations

Branches:
Dungeon (5/15)
 Temple: D:4-7

Altars:
Ashenzari
Cheibriados
Elyvilon
Ru

Annotations:
D:3 Feydarkin's ghost, amateur DrAE


Message History

Confirm with . or Enter, or press ? or * to list all spells.
Aiming: Shock
Press: ? - help, Shift-Dir - straight line The zap misses the orc priest.
The zap hits the orc.
The orc appears unharmed.
The orc is almost dead.
The zap hits the orc.
You kill the orc!
The orc priest barely misses you.
The orc priest invokes the aid of Beogh against you.
Beogh smites you!
There is a stone staircase leading up here.
You can't go down here!
You climb upwards.
There is a stone staircase leading down here.
The orc priest calls down the wrath of Beogh upon you.
Beogh smites you!
* * * LOW HITPOINT WARNING * * *
The orc priest invokes the aid of Beogh against you.
Pain shoots through your body!
You die...

#.#
##.#........
#.#
#...........
#.#
#.##.#######
#<# #.##.#
#># #.##.#
#o# #.##.#
#.# #.##.#
#.# #.##.#
#@#
#.##.#######
#.###
#.##........
#...#
#.#########.
###.# #.# #.
#.# #.# #.
#.# #.# #.
#.##### ##
####.##_## #
#...##..[####
###


You could see an orc priest.

Vanquished Creatures
  An ogre (D:4)
  The ghost of fino the Insei, an amateur MfTm of Dithmenos (D:4)
  A hound (D:4)
  An iguana (D:4)
  Natasha (thrice) (D:4)
  5 orc wizards
  A worker ant (D:4)
  A hound skeleton (D:4)
  10 gnolls
  4 adders
  An ooze (D:4)
  3 worms (D:2)
  2 dart slugs
  2 leopard geckos
  14 orcs
  9 bats
  2 giant cockroaches
  8 goblins
  8 hobgoblins
  13 jackals
  A ball python (D:3)
  4 frilled lizards
  2 jackal skeletons (D:4)
  10 kobolds
  8 rats
115 creatures vanquished.

Notes
Turn   | Place    | Note
-------+----------+-------------------------------------------
     0 | D:1      | Ashiichan the Deep Elf Air Elementalist began the quest for the Orb.
     0 | D:1      | Reached XP level 1. HP: 10/10 MP: 6/6
   212 | D:1      | Reached XP level 2. HP: 14/15 MP: 5/8
   332 | D:1      | Reached skill level 2 in Conjurations
   479 | D:1      | Reached XP level 3. HP: 18/19 MP: 0/9
   865 | D:2      | Found a faded altar of an unknown god.
   919 | D:2      | Reached skill level 3 in Conjurations
  1075 | D:2      | Found a snail-covered altar of Cheibriados.
  1076 | D:2      | You fall through a shaft for 2 floors!
  1187 | D:3      | Found a sacrificial altar of Ru.
  1241 | D:3      | Reached XP level 4. HP: 24/24 MP: 6/10
  1795 | D:2      | Reached skill level 4 in Conjurations
  2460 | D:3      | Noticed Feydarkin's ghost (amateur DrAE)
  2500 | D:3      | Reached XP level 5. HP: 21/28 MP: 2/11
  2705 | D:4      | Noticed an ogre
  2710 | D:4      | Killed an ogre
  2710 | D:4      | Reached skill level 5 in Conjurations
  2710 | D:4      | Reached XP level 6. HP: 32/32 MP: 6/12
  2744 | D:5      | Entered Level 5 of the Dungeon
  2881 | D:4      | Noticed fino's ghost (amateur MfTm)
  2928 | D:4      | Learned a level 4 spell: Airstrike
  2934 | D:4      | Learned a level 5 spell: Lightning Bolt
  3028 | D:4      | Killed fino's ghost
  3028 | D:4      | Reached skill level 6 in Conjurations
  3028 | D:4      | Reached skill level 5 in Air Magic
  3243 | D:4      | Reached XP level 7. HP: 36/36 MP: 8/13
  3579 | D:4      | Reached skill level 7 in Conjurations
  3747 | D:4      | Noticed Natasha
  3750 | D:4      | Killed Natasha
  3755 | D:4      | Noticed Natasha
  3757 | D:4      | Killed Natasha
  3836 | D:4      | Noticed Natasha
  3843 | D:4      | HP: 1/36 [Natasha (10)]
  3858 | D:4      | Killed Natasha
  4044 | D:4      | Found a shattered altar of Ashenzari.
  4050 | D:4      | Found a white marble altar of Elyvilon.
  4117 | D:4      | Got a crude whip {flame}
  4378 | D:4      | Killed from afar by an orc priest

Skill      XL: |  1  2  3  4  5  6  7 |
---------------+----------------------+-----
Conjurations   | 2 3 4 5 6 7 |  7.3
Air Magic      | 4 5 |  5.6
Dodging        | |  2.4
Stealth        | |  2.4
Spellcasting   | |  3.0

Action                   |  1- 3 |  4- 6 |  7- 9 || total
-------------------------+-------+-------+-------++-------
Melee: Unarmed           |     3 |       |       ||     3
 Cast: Shock             |    79 |   100 |    69 ||   248
       Lightning Bolt    |       |       |     1 ||     1
  Use: Scroll            |     5 |     1 |       ||     6
       Potion            |       |       |     3 ||     3
  Eat: Ration            |       |     2 |     1 ||     3
Armor: Robe              |     5 |       |       ||     5
Dodge: Dodged            |    22 |    20 |     3 ||    45
